 Dungeon Crawl Stone Soup version 0.22-a0-480-g991dd4b (webtiles) character file.

73 Darkshadow the Chopper (level 4, -2/40 HPs)
             Began as a Hill Orc Monk on June 14, 2018.
             Slain by a centaur (7 damage)
             ... on level 2 of the Dungeon.
             The game lasted 00:08:36 (2733 turns).

Darkshadow the Chopper (Hill Orc Monk)              Turns: 2733, Time: 00:08:37

Health: -2/40      AC:  8    Str: 14    XL:     4   Next: 27%
Magic:  4/4        EV:  6    Int: 10    God:
Gold:   86         SH:  0    Dex: 13    Spells: 3/3 levels left

rFire    . . .     SeeInvis .   a - +0 hand axe
rCold    . . .     Gourm    .   (no shield)
rNeg     . . .     Faith    .   g - +0 chain mail
rPois    .         Spirit   .   (no helmet)
rElec    .         Reflect  .   (no cloak)
rCorr    .         Harm     .   (no gloves)
MR       .....                  (no boots)
Stlth    ..........             (no amulet)
HPRegen  0.13/turn              (no ring)
MPRegen  0.09/turn              (no ring)

@: no status effects
A: no striking features
a: no special abilities


You were on level 2 of the Dungeon.
You were near starving.

You visited 1 branch of the dungeon, and saw 3 of its levels.

You collected 86 gold pieces.

Inventory:

Hand Weapons
 a - a +0 hand axe (weapon)
Missiles
 k - 83 stones (quivered)
 o - 19 poisoned needles
Armour
 b - a +0 robe
 g - a +0 chain mail (worn)
 n - a +0 pair of boots
 r - a +2 hat of see invisible
Jewellery
 i - a +2 ring of protection {unknown}
 l - a cursed ring of loudness {unknown}
Scrolls
 d - a scroll of enchant armour {unknown}
 e - a scroll of blinking {unknown}
 m - a scroll of identify {unknown}
 s - a scroll of random uselessness {unknown}
Potions
 f - a potion of ambrosia {unknown}
 h - a potion of degeneration {unknown}
 j - a potion of agility {unknown}
 p - a potion of might {unknown}
 q - a potion of curing {unknown}
 t - a potion of flight {unknown}
Comestibles
 c - 4 rations


   Skills:
 + Level 3.9 Fighting
 * Level 6.4 Axes
 - Level 2.4 Dodging
 - Level 1.5 Stealth


You had 3 spell levels left.
You didn't know any spells.
Your spell library was empty.

Dungeon Overview and Level Annotations

Branches:
Dungeon (3/15)

Altars:


Message History

The centaur hits you but does no damage.
You hit the centaur.
The centaur is severely wounded.
The centaur hits you.
* * * LOW HITPOINT WARNING * * *
You hit the centaur.
The centaur is severely wounded.
The centaur hits you but does no damage. x2
You hit the centaur but do no damage.
The centaur is severely wounded.
The centaur hits you but does no damage.
You hit the centaur.
The centaur is almost dead.
The centaur hits you.
* * * LOW HITPOINT WARNING * * *
The centaur hits you but does no damage.
You hit the centaur but do no damage.
The centaur is almost dead.
The centaur hits you!
You die...

...#.#.# ...#.#.#
#.#.# ...#.#.# #.#.#
####.#.# #.#.###
..#.# #.#...
######.#######.#.###
...................#
.#####.#######.#..#
.'...........((.@.#
.######..#######c.#
.# #.)......# #..#
.# ###......# #..#
.# #.####.# #..#
.######.########..#
...................
#.#####.#########.#
#.#####.).#


You could see a centaur.

Vanquished Creatures
  3 adders (D:2)
  A worm (D:2)
  3 dart slugs
  2 leopard geckos (D:1)
  A ball python (D:1)
  A giant cockroach (D:2)
  7 hobgoblins
  3 kobolds
  6 bats
  A frilled lizard (D:1)
  4 goblins
  5 rats
37 creatures vanquished.

Notes
Turn   | Place    | Note
-------+----------+-------------------------------------------
     0 | D:1      | Darkshadow the Hill Orc Monk began the quest for the Orb.
     0 | D:1      | Reached XP level 1. HP: 19/19 MP: 1/1
   214 | D:1      | Reached XP level 2. HP: 17/26 MP: 2/2
   805 | D:1      | Reached skill level 5 in Axes
  1441 | D:2      | Reached XP level 3. HP: 31/31 MP: 3/3
  1872 | D:2      | Reached skill level 6 in Axes
  2241 | D:2      | Reached XP level 4. HP: 36/40 MP: 4/4
  2715 | D:2      | Noticed a centaur
  2733 | D:2      | Slain by a centaur

Vault maps used:
D:1:      dpeg_arrival_pits
D:3:      first_ration

Skill      XL: |  1  2  3 |
---------------+----------+-----
Axes           | 5 6 |  6.4
Fighting       | |  3.9
Dodging        | |  2.4
Stealth        | |  1.5

Action                   |  1- 3 |  4- 6 || total
-------------------------+-------+-------++-------
Melee: Hand axe          |    88 |    31 ||   119
Throw: Stone             |     3 |       ||     3
 Stab: Sleeping          |     1 |       ||     1
  Eat: Chunk             |     4 |       ||     4
Armor: Chain mail        |    55 |    15 ||    70
Dodge: Dodged            |    21 |    11 ||    32

Table legend:
 A = Spawn XP
 B = Non-spawn XP
 C = Spawn XP percentage of total XP
 D = Spawn monster count
 E = Non-spawn monster count
 F = Spawn count percentage of total count
 G = Total turns spent on level
                    A         B        C        D         E        F      G
               +---------+---------+-------+---------+---------+-------+---------
         Total |       0 |     105 |   0.0 |       0 |      37 |   0.0 |  2733
               +---------+---------+-------+---------+---------+-------+---------
           D:1 |       0 |      28 |   0.0 |       0 |      14 |   0.0 |  1345
           D:2 |       0 |      73 |   0.0 |       0 |      21 |   0.0 |  1363
           D:3 |       0 |       4 |   0.0 |       0 |       2 |   0.0 |    25
               +---------+---------+-------+---------+---------+-------+---------
